 Dungeon Sprint DCSS version 0.27.1 (webtiles) character file.

Game seed: 12732180530424483090

4869 styxcanada the Imperceptible (level 10, -3/53 HPs)
             Began as a Spriggan Brigand on Sept 2, 2021.
             Was an Initiate of Gozag.
             Slain by a spriggan (14 damage)
             ... in the Dungeon (Sprint IV: "Fedhas' Mad Dash").
             The game lasted 00:10:09 (1748 turns).

styxcanada the Imperceptible (Spriggan Brigand)     Turns: 1748, Time: 00:10:10

Health: -3/53      AC:  3    Str:  9    XL:     10   Next: 26%
Magic:  22/22      EV: 24    Int: 14    God:    Gozag
Gold:   2035       SH:  7    Dex: 19    Spells: 16/24 levels left

rFire    x . .     SeeInvis +   o - +10 long sword of Jebloxar {vorpal, rElec rF- Str+2}
rCold    . . .     Faith    .   m - +0 buckler
rNeg     . . .     Spirit   .   b - +0 robe
rPois    .         Reflect  .   (helmet restricted)
rElec    +         Harm     .   c - +0 cloak
rCorr    .         Rampage  .   (gloves unavailable)
Will     +....     NoTele   +   (boots unavailable)
Stlth    ++++++++..             l - amulet of invisibility {+Inv}
HPRegen  0.17/turn              (no ring)
MPRegen  0.18/turn              (no ring)

@: very slightly contaminated, invisible, very quick
A: very small, no large weapons, unfitting armour, see invisible, speed 3
a: Renounce Religion, Evoke Invisibility, Potion Petition, Call Merchant, Bribe
Branch


You were in the Dungeon.
You worshipped Gozag.
Gozag was most pleased with you.
You visited 1 branch You collected 2203 gold pieces.
You spent 168 gold pieces at shops.

Inventory:

Hand Weapons
 a - a +3 dagger of draining
 o - the +10 long sword of Jebloxar (weapon) {vorpal, rElec rF- Str+2}
   (You found it in the Dungeon)

   It inflicts extra damage upon your enemies.
   Str:       It affects your strength (+2).
   rF:        It makes you vulnerable to fire.
   rElec:     It insulates you from electricity.
Missiles
 d - 16 poisoned darts (quivered)
 e - 2 curare-tipped darts
 j - 18 stones
Armour
 b - a +0 robe (worn)
 c - a +0 cloak (worn)
 m - a +0 buckler (worn)
Jewellery
 l - the amulet of invisibility (around neck) {+Inv}
   (You found it in the Dungeon)

   [amulet of nothing]

   +Inv:      It lets you turn invisible.
Scrolls
 k - a scroll of blinking
Potions
 f - a potion of curing
 g - a potion of heal wounds
 h - 2 potions of haste
 i - 2 potions of magic
 q - 2 potions of might
Miscellaneous
 p - a tin of tremorstones (2/2)


   Skills:
 * Level 6.3 Fighting
 + Level 6.8(6.9) Short Blades
 + Level 0.8(3.3) Long Blades
 + Level 4.0 Throwing
 * Level 9.7 Dodging
 * Level 21.9 Stealth
 * Level 4.7 Shields
 * Level 7.9 Spellcasting
 * Level 3.3 Conjurations
 * Level 3.9 Earth Magic
 * Level 11.5 Evocations


You had 16 spell levels left.
You knew the following spells:

 Your Spells              Type           Power      Damage    Failure   Level
a - Lehudib's Crystal Sp  Conj/Erth      7%         10d3      100%        8

Your spell library contained the following spells:

 Spells                   Type           Power      Damage    Failure   Level
 Static Discharge         Conj/Air       10%        N/A       12%         2
 Corpse Rot               Necr/Air       N/A        N/A       24%         2
 Sticky Flame             Conj/Fire      10%        2d3       61%         4
 Dispel Undead            Necr           5%         3d7       83%         4
 Passage of Golubria      Tloc           N/A        N/A       83%         4
 Silence                  Hex/Air        2%         N/A       99%         5
 Death Channel            Necr           2%         N/A       100%        6


Dungeon Overview and Level Annotations

Branches:
Dungeon (1/1)

Altars:
Cheibriados
Dithmenos
Elyvilon
Gozag
Hepliaklqana
Kikubaaqudgha
Makhleb
Nemelex Xobeh
Okawaru
Qazlal
Ru
Sif Muna
Trog
Uskayaw
Vehumet
Wu Jian
Xom
Yredelemnul
Zin
The Shining One
Beogh
Jiyva
Lugonu

Shops:
D ?(((**


Innate Abilities, Weirdness & Mutations

You are very small and have problems with some larger weapons.
You are too small for most types of armour.
You have supernaturally acute eyesight. (SInv)
You cover ground extremely quickly. (Speed+++)


Message History

The spriggan rider is distracted by your dazzling golden aura.
The spriggan is distracted by your dazzling golden aura.
Throw: 20 darts (poison)
Press: ? - help, Q - select action, (/) - cycle Shift-Dir - straight line, f/p - spriggan rider
Aim: a spriggan rider, wielding a +0 spear (lightly wounded, unaware, poisoned, hasn't noticed you, 42% to hit)
You throw a poisoned dart. The poisoned dart hits the spriggan.
The spriggan is poisoned.
The spriggan is no longer distracted by gold.
The spriggan shouts!
The spriggan is lightly wounded.
The spriggan rider shouts!
Throw: 19 darts (poison)
Press: ? - help, Q - select action, (/) - cycle Shift-Dir - straight line, f/p - spriggan rider
Aim: a spriggan rider, wielding a +0 spear (lightly wounded, poisoned, 42% to hit)
You throw a poisoned dart. The spriggan blocks the poisoned dart.
The spriggan rider looks more healthy.
The spriggan rider is no longer distracted by gold.
Throw: 18 darts (poison)
Press: ? - help, Q - select action, (/) - cycle Shift-Dir - straight line, f/p - spriggan rider
Aim: a spriggan rider, wielding a +0 spear (lightly wounded, 42% to hit)
You throw a poisoned dart. The spriggan blocks the poisoned dart.
There is an open door here.
The spriggan looks more healthy.
Throw: 17 darts (poison)
Press: ? - help, Q - select action, (/) - cycle Shift-Dir - straight line, f/p - spriggan rider
Aim: a spriggan rider, wielding a +0 spear (lightly wounded, 42% to hit)
You throw a poisoned dart. The spriggan blocks the poisoned dart.
The spriggan hits you with a +0 rapier!
Unknown command.
There is an open door here.
You feel stronger.
o - the +10 long sword of Jebloxar (weapon)
{vorpal, rElec rF- Str+2} You block the spriggan's attack.
The spriggan blocks your attack.
The spriggan is moderately wounded.
The spriggan rider hits you from afar with a +0 spear!!
* * * LOW HITPOINT WARNING * * *
The spriggan hits you with a +0 rapier!
You die...
Your body crumbles into a pile of gold.

################################
..#.⌠._._._._.⌠.#..'.).#....##∩#
..'.._)_._._._..'..#...#....').#
..#..._._._._...#..###'##...##∩#$
'##.._._._._._..#..##∩∩.'...####
..#._._._._._.⌠.#################
..###################.....)###...
###♣♣♣♣♣..♣.###.@ii'..(...('('..$
['......♣..♣##..#..#.P.....######
.#♣..♣♣♣.♣).###.##+##.P....#
.#.♣♣..♣...♣'...# ######## ###
#############


You could see a spriggan rider and a spriggan (drained).

Vanquished Creatures
  A spriggan druid (D)
  6 oklob plants (D)
  A queen bee (D)
  A demonic crawler (D)
  3 burning bushes (D)
  3 wandering mushrooms (D)
  3 scorpions (D)
  4 killer bees (D)
  5 oklob saplings (D)
  3 spriggans (D)
  A river rat (D)
  A rat (D)
  A ballistomycete spore (D)
33 creatures vanquished.

Notes
Turn   | Place    | Note
-------+----------+-------------------------------------------
     0 | D        | styxcanada the Spriggan Brigand began the quest for the
                  | Orb.
     0 | D        | Reached XP level 1. HP: 10/10 MP: 2/2
     9 | D        | Reached skill level 8 in Stealth
     9 | D        | Reached XP level 2. HP: 15/15 MP: 3/3
    16 | D        | Noticed an oklob sapling
    18 | D        | Killed an oklob sapling
    19 | D        | Reached skill level 10 in Stealth
    19 | D        | Reached XP level 3. HP: 18/18 MP: 4/4
    20 | D        | Noticed a scorpion
    20 | D        | Found the amulet of invisibility {+Inv}
    22 | D        | Killed a scorpion
    23 | D        | Reached skill level 12 in Stealth
    23 | D        | Reached XP level 4. HP: 23/23 MP: 5/5
    44 | D        | Found an opulent altar of Gozag.
    44 | D        | Found a hazy altar of Hepliaklqana.
    44 | D        | Found a burning altar of Makhleb.
    44 | D        | Found a sparkling altar of Nemelex Xobeh.
    44 | D        | Found a snail-covered altar of Cheibriados.
    44 | D        | Found a sacrificial altar of Ru.
    44 | D        | Found a shimmering blue altar of Sif Muna.
    44 | D        | Found a shimmering altar of Xom.
    44 | D        | Found a basalt altar of Yredelemnul.
    45 | D        | Found a viscous altar of Jiyva.
    45 | D        | Found a bloodstained altar of Trog.
    45 | D        | Found an ornate altar of the Wu Jian Council.
    46 | D        | Found an iron altar of Okawaru.
    46 | D        | Found a shadowy altar of Dithmenos.
    46 | D        | Found a glowing silver altar of Zin.
    47 | D        | Found an ancient bone altar of Kikubaaqudgha.
    47 | D        | Found a hide-covered altar of Uskayaw.
    48 | D        | Found a stormy altar of Qazlal.
    48 | D        | Found a white marble altar of Elyvilon.
    48 | D        | Found a glowing golden altar of the Shining One.
    49 | D        | Became a worshipper of Gozag Ym Sagoz the Greedy
    50 | D        | Found a corrupted altar of Lugonu.
    50 | D        | Found a radiant altar of Vehumet.
    54 | D        | Reached skill level 13 in Stealth
    54 | D        | Reached skill level 1 in Evocations
    54 | D        | Reached XP level 5. HP: 28/28 MP: 3/6
    66 | D        | Reached skill level 14 in Stealth
   114 | D        | Reached skill level 5 in Dodging
   115 | D        | Reached skill level 15 in Stealth
   115 | D        | Reached skill level 1 in Spellcasting
   115 | D        | Reached XP level 6. HP: 32/32 MP: 4/9
   203 | D        | Found Utsyonk's Antique Weapon Shop.
   203 | D        | Found Foev's Magic Scroll Emporium.
   209 | D        | Bought 3 scrolls of identify for 84 gold pieces
   219 | D        | Noticed a burning bush
   219 | D        | Noticed a wandering mushroom
   220 | D        | Noticed a wandering mushroom
   222 | D        | Killed a wandering mushroom
   223 | D        | Reached skill level 16 in Stealth
   223 | D        | Reached skill level 1 in Shields
   224 | D        | Killed a wandering mushroom
   225 | D        | Reached skill level 17 in Stealth
   225 | D        | Reached skill level 5 in Evocations
   225 | D        | Reached XP level 7. HP: 18/38 MP: 7/14
   227 | D        | Reached skill level 18 in Stealth
   410 | D        | Killed a burning bush
   411 | D        | Reached skill level 5 in Short Blades
   426 | D        | Found Jaets's Weapon Emporium.
   426 | D        | Found Decko's Weapon Shoppe.
   429 | D        | Identified the +10 long sword of Jebloxar {vorpal, rElec
                  | rF- Str+2}
   432 | D        | Bought 15 poisoned darts for 84 gold pieces
   861 | D        | Noticed a queen bee
   878 | D        | Reached XP level 8. HP: 42/42 MP: 16/16
   893 | D        | Killed a queen bee
   894 | D        | Reached skill level 5 in Fighting
   894 | D        | Reached skill level 19 in Stealth
   894 | D        | Reached skill level 5 in Spellcasting
   945 | D        | Learned a level 8 spell: Lehudib's Crystal Spear
   954 | D        | Noticed an oklob plant
   957 | D        | Killed an oklob plant
   958 | D        | Reached skill level 1 in Conjurations
   958 | D        | Reached skill level 1 in Earth Magic
  1033 | D        | Noticed a burning bush
  1043 | D        | Killed a burning bush
  1044 | D        | Reached XP level 9. HP: 28/47 MP: 16/19
  1169 | D        | Noticed a burning bush
  1169 | D        | Noticed an oklob plant
  1170 | D        | Noticed a wandering mushroom
  1171 | D        | Killed a burning bush
  1172 | D        | Reached skill level 20 in Stealth
  1182 | D        | Killed an oklob plant
  1184 | D        | Killed a wandering mushroom
  1372 | D        | Noticed a spriggan druid
  1374 | D        | Killed a spriggan druid
  1375 | D        | Reached skill level 10 in Evocations
  1426 | D        | Noticed an oklob plant conjurer
  1427 | D        | Killed an oklob plant conjurer
  1428 | D        | Reached skill level 21 in Stealth
  1535 | D        | Noticed an oklob plant
  1535 | D        | Noticed an oklob plant summoner
  1536 | D        | Noticed an oklob plant shifter
  1540 | D        | Killed an oklob plant
  1541 | D        | Reached XP level 10. HP: 53/53 MP: 19/22
  1542 | D        | Killed an oklob plant summoner
  1553 | D        | Killed an oklob plant shifter
  1718 | D        | Noticed a spriggan rider
  1719 | D        | Found Wuneik's General Store.
  1723 | D        | Found Himat's Assorted Antiques.
  1748 | D        | Slain by a spriggan

Illustrated notes

Levels and vault maps discovered:
D:        dungeon_sprint_fedhas [sprint_temple]

Skill      XL: |  1  2  3  4  5  6  7  8  9 10 |
---------------+-------------------------------+-----
Dodging        | 2 3 4 5 6 7 8 9 |  9.7
Stealth        | 8 10 12 13 15 17 18 19 21 | 21.9
Fighting       | 2 3 4 5 6 |  6.3
Short Blades   | 3 4 5 6 |  6.8
Evocations     | 1 3 5 6 8 10 11 | 11.5
Throwing       | 3 4 |  4.0
Spellcasting   | 1 4 6 7 |  7.9
Shields        | 2 3 4 |  4.7
Conjurations   | 1 2 3 |  3.3
Earth Magic    | 1 3 |  3.9
Long Blades    | |  0.8

Action                   |  1- 3 |  4- 6 |  7- 9 | 10-12 || total
-------------------------+-------+-------+-------+-------++-------
Melee: Dagger            |     4 |    11 |    54 |     9 ||    78
       Long sword        |       |       |     6 |     1 ||     7
Throw: Dart              |       |     4 |       |     6 ||    10
 Abil: Evoke Invisibilit |       |     3 |     8 |     1 ||    12
  Use: Potion            |       |       |     1 |       ||     1
       Scroll            |       |       |     2 |     3 ||     5
 Stab: Sleeping          |     3 |     6 |     9 |     3 ||    21
       Invisible         |       |       |     6 |     1 ||     7
       Distracted        |       |       |     1 |       ||     1
Dodge: Dodged            |       |     7 |    19 |     1 ||    27
Block: Buckler           |       |       |     1 |     2 ||     3
